Workbook

Sheet A LIRE AVANT COMPLETUDE
A1: Consignes pour remplir l'annexe financière
A3: Sur l'onglet "synthèse financière" sont à remplir :
A4: - le nom du projet (ligne 3)
A5: - le nom du porteur de projet (ligne 5)
A6: - le montant de l'aide sollicitée pour chaque structure (colonne D)
A7: - les cofinancements, y compris publics (colonnes G à L, et en précisant le nom du financeur en ligne 11)
A8: - les recettes prévisionnelles, le cas échéant (colonne M)
A9: - l'autofinancement (colonne N)
A10: Les cases grisées se rempliront automatiquement
A12: Le détail des dépenses doit être présenté par partenaire du projet. Utilisez un premier onglet pour le porteur du projet puis autant d'onglets que de partenaires.
A14: Pour remplir ces onglets, on rappelle que :
A16: - seules les dépenses directement en lien avec le projet doivent être présentées. Les dépenses effectuées avant la date du dépôt du dossier ne sont pas éligibles
... A19: - les dépenses de personnels sont présentées en coûts réels ou en coûts simplifiés (case C8 à remplir). Les coûts réels correspondent aux charges de personnel qui prennent en charge les coûts environnés de la structure, nécessaires au fonctionnement. Dans ce cas, les frais de déplacement et de mission (cf. tableau 2 des onglets) doivent être présentés au réel, conformément à la comptabilité. Les coûts simplifiés, les charges de personnel (cf. tableau 1 des onglets) correspondent aux coûts journaliers, sans ajout des coûts environnés. Dans ce cas, les frais de déplacement correspondent à 8% des frais de personnel.

Sheet Synthèse
A1: Synthèse financière
A3: Nom du projet
A5: Porteur du projet
A8: Tableau global de financement du projet
A10: Structure porteuse des dépenses | B10: Coût total | C10: TTC / HT | D10: Montant subvention sollicitée | E10: % d'aide sollicitée | F10: Cofinancements (y compris publics) | L10: Recettes * | M10: Montant autofinancement | N10: % autofinan-cement
A12: =Porteur!B3 -> 0 | B12: =Porteur!E69 -> #N/A | C12: =Porteur!E5 -> #N/A | E12: =D12/B12 -> #N/A | N12: =M12/B12 -> #N/A
A13: ='Partenaire 1'!B$3 -> 0 | B13: ='Partenaire 1'!E$59 -> #N/A | C13: ='Partenaire 1'!E$5 -> #N/A | E13: =D13/B13 -> #N/A | N13: =M13/B13 -> #N/A
A14: ='Partenaire 2'!B$3 -> 0 | B14: ='Partenaire 2'!E$59 -> #N/A | C14: ='Partenaire 2'!E$5 -> #N/A | E14: =D14/B14 -> #N/A | N14: =M14/B14 -> #N/A
A15: ='Partenaire 3'!B$3 -> 0 | B15: ='Partenaire 3'!E$59 -> #N/A | C15: ='Partenaire 3'!E$5 -> #N/A | E15: =D15/B15 -> #N/A | N15: =M15/B15 -> #N/A
A16: TOTAL | B16: =SUM(B13:B15) -> #N/A | D16: =SUM(D12:D15) -> 0 | F16: =SUM(F12:F15) -> 0 | G16: =SUM(G12:G15) -> 0 | H16: =SUM(H12:H15) -> 0 | I16: =SUM(I12:I15) -> 0 | J16: =SUM(J12:J15) -> 0 | K16: =SUM(K12:K15) -> 0 | L16: =SUM(L12:L15) -> 0 | M16: =SUM(M12:M15) -> 0
A17: Part du financement sur la dépense totale | D17: =D16/B16 -> #N/A
A18: * Vente de produits ou de prestation de service

Sheet Porteur
B2: Structure porteuse des dépenses
B5: Coûts présentés | E5: {=_xlfn.IFS(C5="Exonéré","HT",C5="Assujetti","HT",C5="Non assujetti","TTC")} -> #N/A
B7: Tableau 1 : Charges de personnel
B8: Option des charges de personnel retenue (liste déroulante)
B10: Description | C10: Nombre de jours | D10: Coût journalier | E10: Coût total
E11: =+C11*D11 -> 0
E12: =+C12*D12 -> 0
E13: =+C13*D13 -> 0
E14: =+C14*D14 -> 0
E15: =+C15*D15 -> 0
E16: =+C16*D16 -> 0
E17: =+C17*D17 -> 0
E18: =+C18*D18 -> 0
E19: =+C19*D19 -> 0
E20: =+C20*D20 -> 0
B21: TOTAL T1 | C21: =SUM(C11:C20) -> 0 | E21: =SUM(E11:E20) -> 0
B23: Tableau 2 : Frais de déplacement et de mission (uniquement si les coûts de personnel sont au réel)
B24: Description | E24: coût total
B32: TOTAL T2 (si option coûts simplifiés : 8% des frais de personnels) | E32: {=_xlfn.IFS(C8="Coûts simplifiés",E21*0.08,C8="Coûts réels",0)} -> #N/A
B33: Tableau 3 : Achats (investissements, fournitures, matériels...) - 1 ligne par dépense
B34: Description | E34: coût total
B55: TOTAL T3 | E55: =SUM(E45:E54) -> 0
B57: Tableau 4 : Autres charges externes dédiées au projet (locations de salle, entretien et réparation, forfait mobile, honoraires et rémunérations d'intermédiaires, publicité, communication, …)
B58: Description | E58: coût total
B65: TOTAL T4 | E65: =SUM(E59:E64) -> 0
B69: TOTAL DES DEPENSES | E69: =E65+E21+E55+E32 -> #N/A

Sheet Partenaire 1
B2: Structure porteuse des dépenses
B5: Coûts présentés | E5: {=_xlfn.IFS(C5="Exonéré","HT",C5="Assujetti","HT",C5="Non assujetti","TTC")} -> #N/A
B7: Tableau 1 : Charges de personnel
B8: Option des charges de personnel retenue (liste déroulante)
B10: Description | C10: Nombre de jours | D10: Coût journalier | E10: Coût total
E11: =+C11*D11 -> 0
E12: =+C12*D12 -> 0
E13: =+C13*D13 -> 0
E14: =+C14*D14 -> 0
E15: =+C15*D15 -> 0
E16: =+C16*D16 -> 0
E17: =+C17*D17 -> 0
E18: =+C18*D18 -> 0
E19: =+C19*D19 -> 0
E20: =+C20*D20 -> 0
B21: TOTAL T1 | C21: =SUM(C11:C20) -> 0 | E21: =SUM(E11:E20) -> 0
B23: Tableau 2 : Frais de déplacement et de mission (uniquement si les coûts de personnel sont au réel)
B24: Description | E24: coût total
B32: TOTAL T2 (si option coûts simplifiés : 8% des frais de personnels) | E32: {=_xlfn.IFS(C8="Coûts simplifiés",E21*0.08,C8="Coûts réels",0)} -> #N/A
B33: Tableau 3 : Achats (investissements, fournitures, matériels...) - 1 ligne par dépense
B34: Description | E34: coût total
B45: TOTAL T3 | E45: =SUM(E35:E44) -> 0
B47: Tableau 4 : Autres charges externes dédiées au projet (locations de salle, entretien et réparation, forfait mobile, honoraires et rémunérations d'intermédiaires, publicité, communication, …)
B48: Description | E48: coût total
B55: TOTAL T4 | E55: =SUM(E49:E54) -> 0
B59: TOTAL DES DEPENSES | E59: =E55+E21+E45+E32 -> #N/A

Sheet Partenaire 2
B2: Structure porteuse des dépenses
B5: Coûts présentés | E5: {=_xlfn.IFS(C5="Exonéré","HT",C5="Assujetti","HT",C5="Non assujetti","TTC")} -> #N/A
B7: Tableau 1 : Charges de personnel
B8: Option des charges de personnel retenue (liste déroulante)
B10: Description | C10: Nombre de jours | D10: Coût journalier | E10: Coût total
E11: =+C11*D11 -> 0
E12: =+C12*D12 -> 0
E13: =+C13*D13 -> 0
E14: =+C14*D14 -> 0
E15: =+C15*D15 -> 0
E16: =+C16*D16 -> 0
E17: =+C17*D17 -> 0
E18: =+C18*D18 -> 0
E19: =+C19*D19 -> 0
E20: =+C20*D20 -> 0
B21: TOTAL T1 | C21: =SUM(C11:C20) -> 0 | E21: =SUM(E11:E20) -> 0
B23: Tableau 2 : Frais de déplacement et de mission (uniquement si les coûts de personnel sont au réel)
B24: Description | E24: coût total
B32: TOTAL T2 (si option coûts simplifiés : 8% des frais de personnels) | E32: {=_xlfn.IFS(C8="Coûts simplifiés",E21*0.08,C8="Coûts réels",0)} -> #N/A
B33: Tableau 3 : Achats (investissements, fournitures, matériels...) - 1 ligne par dépense
B34: Description | E34: coût total
B45: TOTAL T3 | E45: =SUM(E35:E44) -> 0
B47: Tableau 4 : Autres charges externes dédiées au projet (locations de salle, entretien et réparation, forfait mobile, honoraires et rémunérations d'intermédiaires, publicité, communication, …)
B48: Description | E48: coût total
B55: TOTAL T4 | E55: =SUM(E49:E54) -> 0
B59: TOTAL DES DEPENSES | E59: =E55+E21+E45+E32 -> #N/A

Sheet Partenaire 3
B2: Structure porteuse des dépenses
B5: Coûts présentés | E5: {=_xlfn.IFS(C5="Exonéré","HT",C5="Assujetti","HT",C5="Non assujetti","TTC")} -> #N/A
B7: Tableau 1 : Charges de personnel
B8: Option des charges de personnel retenue (liste déroulante)
B10: Description | C10: Nombre de jours | D10: Coût journalier | E10: Coût total
E11: =+C11*D11 -> 0
E12: =+C12*D12 -> 0
E13: =+C13*D13 -> 0
E14: =+C14*D14 -> 0
E15: =+C15*D15 -> 0
E16: =+C16*D16 -> 0
E17: =+C17*D17 -> 0
E18: =+C18*D18 -> 0
E19: =+C19*D19 -> 0
E20: =+C20*D20 -> 0
B21: TOTAL T1 | C21: =SUM(C11:C20) -> 0 | E21: =SUM(E11:E20) -> 0
B23: Tableau 2 : Frais de déplacement et de mission (uniquement si les coûts de personnel sont au réel)
B24: Description | E24: coût total
B32: TOTAL T2 (si option coûts simplifiés : 8% des frais de personnels) | E32: {=_xlfn.IFS(C8="Coûts simplifiés",E21*0.08,C8="Coûts réels",0)} -> #N/A
B33: Tableau 3 : Achats (investissements, fournitures, matériels...) - 1 ligne par dépense
B34: Description | E34: coût total
B45: TOTAL T3 | E45: =SUM(E35:E44) -> 0
B47: Tableau 4 : Autres charges externes dédiées au projet (locations de salle, entretien et réparation, forfait mobile, honoraires et rémunérations d'intermédiaires, publicité, communication, …)
B48: Description | E48: coût total
B55: TOTAL T4 | E55: =SUM(E49:E54) -> 0
B59: TOTAL DES DEPENSES | E59: =E55+E21+E45+E32 -> #N/A
